 Dungeon Crawl Stone Soup version 0.20.0-15-g7f486f2 (console) character file.

155 removed the Ducker (level 5, 0/28 HPs)
             Began as a Spriggan Necromancer on June 9, 2017.
             Slain by a worker ant (6 damage)
             ... on level 4 of the Dungeon.
             The game lasted 00:06:00 (4458 turns).

removed the Ducker (Spriggan Necromancer)           Turns: 4458, Time: 00:06:00

Health: 0/28       AC:  2    Str:  5    XL:     5   Next: 14%
Magic:  6/10       EV: 21    Int: 17    God:
Gold:   87         SH:  0    Dex: 16    Spells: 8/9 levels left

rFire    . . .     SeeInvis +   j - +0 whip
rCold    . . .     Gourm    .   (shield restricted)
rNeg     . . .     Faith    .   g - +0 robe
rPois    .         Spirit   .   (helmet restricted)
rElec    .         Reflect  .   (no cloak)
rCorr    .         Harm     .   (gloves unavailable)
MR       .....                  (boots unavailable)
Stlth    ++........             (no amulet)
Regen    0.1/turn               f - +5 ring of slaying
MPRegen  0.2/turn               (no ring)

@: lethally poisoned (0 -> -5), very quick
A: unfitting armour, see invisible, herbivore 3, speed 3, slow metabolism 2
a: no special abilities


You were on level 4 of the Dungeon.
You were very hungry.

You visited 1 branch of the dungeon, and saw 4 of its levels.

You collected 87 gold pieces.

Inventory:

Hand Weapons
 a - a +0 dagger
 j - a +0 whip (weapon)
Armour
 g - a +0 robe (worn)
Jewellery
 f - a +5 ring of slaying (left hand)
Scrolls
 h - 5 scrolls of identify {unknown}
 i - a scroll of noise {unknown}
 k - 4 scrolls of teleportation {unknown}
 l - a scroll of blinking {unknown}
 n - 3 scrolls of remove curse {unknown}
 o - a scroll of enchant weapon {unknown}
 r - a scroll of recharging {unknown}
 s - a scroll of enchant armour {unknown}
 t - a scroll of magic mapping {unknown}
Potions
 d - 2 potions of curing
 e - 4 potions of haste {unknown}
 m - 2 potions of ambrosia {unknown}
 q - a potion of brilliance {unknown}
 u - 2 potions of flight {unknown}
 v - a potion of might {unknown}
 w - a potion of cancellation {unknown}
Books
 b - a book of Necromancy

   Spells                             Type                      Level
   a - Pain                           Necromancy                   1
   b - Animate Skeleton               Necromancy                   1
   c - Vampiric Draining              Necromancy                   3
   d - Regeneration                   Charms/Necromancy            3
   e - Animate Dead                   Necromancy                   4
   f - Control Undead                 Necromancy                   4
Comestibles
 c - 5 bread rations
 p - 3 fruits


   Skills:
 + Level 2.9 Fighting
 - Level 5.5 Dodging
 - Level 3.0 Stealth
 - Level 2.6 Spellcasting
 - Level 3.6 Necromancy


You had 8 spell levels left.
You knew the following spells:

 Your Spells              Type           Power        Failure   Level  Hunger
a - Pain                  Necr           ##..         4%          1    #......


Dungeon Overview and Level Annotations

Branches:
Dungeon (4/15)
 Temple: D:4-7

Altars:

Annotations:
D:3 Grinder
D:4 exclusion: phantom, Ijyb, Sigmund


Innate Abilities, Weirdness & Mutations

You are very small and have problems with some larger weapons.
You are too small for most types of armour.
You have supernaturally acute eyesight. (SInv)
You are a herbivore.
You cover ground extremely quickly.
You need consume almost no food.


Message History

You completely miss the worker ant.
The worker ant is moderately wounded.
The worker ant bites you.
You hit the worker ant.
The worker ant is heavily wounded.
The worker ant closely misses you. x2
You hit the worker ant.
The worker ant is severely wounded.
The worker ant bites you!
You hit the worker ant.
The worker ant is severely wounded.
The worker ant bites you.
* * * LOW HITPOINT WARNING * * *
You are poisoned.
The worker ant poisons you!
You barely miss the worker ant.
The worker ant is severely wounded.
* * * LOW HITPOINT WARNING * * *
You feel sick. The worker ant misses you. The worker ant bites you.
You die...

#..# #..P #..# #..# .. #
# ##..####..# P..#
#####....#...# .#.
..h.........# ..
....).......# .#####.
####g.......######.......
####......h##.........
##....ghha@.#
#.....###### ##..### ####
#### ##..## #....#
#....### ###
#......##########....


You could see Ijyb, a worker ant and 3 jackals.

Vanquished Creatures
  A worker ant (D:4)
  4 adders (D:2)
  2 oozes
  4 worms
  2 dart slugs (D:2)
  3 leopard geckos
  4 orcs
  A giant cockroach (D:2)
  5 goblins
  8 hobgoblins
  A jackal (D:4)
  2 kobolds (D:1)
  4 quokkas
  6 ball pythons
  8 bats
  2 frilled lizards
  9 rats
66 creatures vanquished.

Notes
Turn   | Place    | Note
-------+----------+-------------------------------------------
     0 | D:1      | removed the Spriggan Necromancer began the quest for the Orb.
     0 | D:1      | Reached XP level 1. HP: 9/9 MP: 5/5
   232 | D:1      | Reached skill level 4 in Dodging
   366 | D:1      | Reached XP level 2. HP: 13/13 MP: 4/6
  1528 | D:2      | Reached skill level 5 in Dodging
  1831 | D:2      | Reached XP level 3. HP: 15/16 MP: 6/8
  2079 | D:2      | Reached skill level 1 in Fighting
  2307 | D:2      | Found a faded altar of an unknown god.
  2423 | D:2      | Reached XP level 4. HP: 7/22 MP: 2/9
  3776 | D:3      | Noticed Grinder
  4012 | D:4      | Noticed Sigmund
  4212 | D:4      | Noticed a phantom
  4289 | D:4      | Reached XP level 5. HP: 15/28 MP: 4/10
  4413 | D:4      | Noticed Ijyb
  4458 | D:4      | Slain by a worker ant

Skill      XL: |  1  2  3  4 |
---------------+-------------+-----
Dodging        | 4 5 |  5.5
Fighting       | 1 2 |  2.9
Stealth        | |  3.0
Spellcasting   | |  2.6
Necromancy     | |  3.6

Action                   |  1- 3 |  4- 6 || total
-------------------------+-------+-------++-------
Melee: Unarmed           |     6 |       ||     6
       Whip              |     5 |    44 ||    49
 Cast: Pain              |    79 |    78 ||   157
  Use: Potion            |       |     1 ||     1
  Eat: Fruit             |       |     1 ||     1
Armor: Robe              |     1 |     4 ||     5
Dodge: Dodged            |    11 |    47 ||    58
